 Dungeon Crawl Stone Soup version 0.28.0-53-g5a82cb258f (webtiles) character file.

Game seed: 1964120968454184511

35 Plasmagod the Shield-Bearer (level 3, -5/20 HPs)
             Began as a Vine Stalker Fighter on July 26, 2022.
             Was a Believer of Lugonu.
             Slain by Sigmund
             ... wielding a +0 scythe
              (11 damage)
             ... on level 2 of the Dungeon.
             The game lasted 00:01:47 (1074 turns).

Plasmagod the Shield-Bearer (Vine Stalker Fighter)  Turns: 1074, Time: 00:01:48

Health: -5/20      AC:  6    Str: 20    XL:     3   Next: 33%
Magic:  0/4        EV:  9    Int:  8    God:    Lugonu [**....]
Gold:   58         SH:  4    Dex: 13    Spells: 2/2 levels left

rFire   . . .      SeeInvis .   a - +0 war axe
rCold   . . .      Faith    .   c - +0 buckler
rNeg    . . .      Spirit   +   b - +0 scale mail
rPois   .          Reflect  .   (no helmet)
rElec   .          Harm     .   (no cloak)
rCorr   .          Rampage  .   (no gloves)
Will    .....                   (no boots)
Stlth   ..........              (no amulet)
HPRegen 0.06/turn               (no ring)
MPRegen 0.09/turn               (no ring)

@: no status effects
A: fangs 2, magic shield, antimagic bite, no potion heal 2
a: Renounce Religion, Depart the Abyss, Bend Space


You were on level 2 of the Dungeon.
You worshipped Lugonu.
Lugonu was pleased with you.
You visited 1 branch of the dungeon, and saw 2 of its levels.

You collected 58 gold pieces.

Inventory:

Hand Weapons
 a - a +0 war axe (weapon)
Armour
 b - a +0 scale mail (worn)
 c - a +0 buckler (worn)
Scrolls
 g - 2 scrolls of identify {unknown}
 h - a scroll of immolation {unknown}
 j - a scroll of enchant armour {unknown}
Potions
 d - a potion of might
 e - a potion of magic {unknown}
 f - 2 potions of curing {unknown}
 i - a potion of resistance {unknown}


   Skills:
 + Level 3.0 Fighting
 + Level 2.0 Axes
 + Level 2.8 Armour
 + Level 3.0 Shields
 * Level 0.3 Invocations


You had 2 spell levels left.
You didn't know any spells.
Your spell library was empty.

Dungeon Overview and Level Annotations

Branches:
Dungeon (2/15)

Altars:
Lugonu

Shops:
D:1 :

Annotations:
D:2 Sigmund


Innate Abilities, Weirdness & Mutations

You have extremely sharp teeth.
When hurt, damage is shared between your health and your magic reserves.
Your bite disrupts and absorbs the magic of your enemies.
Potions cannot restore your health.


Message History

You kill the quokka!
Lugonu accepts your kill.
No target in view!
Sigmund the Dreaded comes into view.
He is wielding a +0 scythe.
Sigmund shouts!
Sigmund looks at you with fury.
Sigmund points at you and mumbles some strange words.
The puff of flame hits you.
Okay, then.
Sigmund casts a spell at you. The puff of flame misses you.
You block Sigmund's attack.
You hit Sigmund but do no damage. Sigmund barely misses you.
You hit Sigmund.
Sigmund is lightly wounded.
Sigmund barely misses you.
You closely miss Sigmund. Your bite misses Sigmund.
Sigmund is lightly wounded.
Sigmund barely misses you.
You hit Sigmund.
Sigmund is lightly wounded.
Sigmund breathes a few words.
Sigmund's hands start flickering wildly.
Sigmund hits you with a +0 scythe!
You closely miss Sigmund. Your bite misses Sigmund.
Sigmund is lightly wounded.
You block Sigmund's attack.
You slash Sigmund! Your bite misses Sigmund.
Sigmund is heavily wounded.
You slash Sigmund! Your bite misses Sigmund.
Sigmund is severely wounded.
Sigmund casts a spell.
Sigmund flickers and vanishes!
Deactivating autopickup; reactivate with Ctrl-A.
You block something's attack. Space bends around you!
You blink.
Something hits you but does no damage. Something hits you!
Ouch! That really hurt!
You die...

#### ... #.. # ... #.#
.### ... #.# ... ## #.#
#.# ..# . ... #{###..##
#.#.# #.@.....# #.#.#
#######.#.#.# # #.<#
#.........# .###.#
#.#####.#.# #.#.## #
#...# # #..####.##
###...#.#
##.......##.###.......#
.......>..............+
##...######.........###


There were no monsters in sight!

Vanquished Creatures
  A dart slug (D:1)
  4 ball pythons
  3 endoplasms (D:1)
  2 giant cockroaches
  3 hobgoblins
  A kobold (D:1)
  3 quokkas
  4 bats (D:1)
  5 goblins (D:1)
  A rat (D:1)
27 creatures vanquished.

Notes
Turn   | Place    | Note
-------+----------+-------------------------------------------
     0 | D:1      | Plasmagod the Vine Stalker Fighter began the quest for the
                  | Orb.
     0 | D:1      | Reached XP level 1. HP: 11/11 MP: 2/2
    46 | D:1      | Found a faded altar of an unknown god.
    53 | D:1      | Prayed at the altar of an unknown god.
    53 | D:1      | Became a worshipper of Lugonu the Unformed
    53 | D:1      | Reached * piety under Lugonu
    53 | D:1      | Reached ** piety under Lugonu
   177 | D:1      | Reached XP level 2. HP: 16/16 MP: 3/3
   244 | D:1      | Found Xedghoo's Book Shop.
   485 | D:1      | Reached XP level 3. HP: 14/20 MP: 4/4
  1058 | D:2      | Noticed Sigmund
  1074 | D:2      | Slain by Sigmund

Illustrated notes

Levels and vault maps discovered:
D:1:      dpeg_arrival_houses_and_road, layout_basic,
          hellmonk_ecumenical_altar_run_dry, serial_shops,
          nicolae_shop_behind_doors
D:2:      layout_loops_corners, skrybe_limestone_x, kennysheep_doodads,
          uniq_sigmund, uniq_natasha, uniq_jessica

Skill      XL: |  1  2 |
---------------+-------+-----
Shields        | 3 |  3.0
Axes           | 2 |  2.0
Fighting       | 3 |  3.0
Armour         | |  2.8
Invocations    | |  0.3

Action                   || total
-------------------------++-------
Melee: War axe           ||    48
       Bite              ||     7
Invok: Bend Space        ||     1
Armor: Scale mail        ||    11
Dodge: Dodged            ||    22
Block: Buckler           ||    15
